 Dungeon Crawl Stone Soup version 0.23.1-37-gaa34b87b72 (webtiles) character file.

Game seed: 8447319355397008725

10101 Peloso the Carver (level 11, -1/97 HPs)
             Began as a Minotaur Fighter on Mar 24, 2019.
             Was a High Priest of Okawaru.
             Slain by a killer bee (7 damage)
             ... on level 11 of the Dungeon.
             The game lasted 00:23:23 (9182 turns).

Peloso the Carver (Minotaur Fighter)                Turns: 9182, Time: 00:23:24

Health: -1/97      AC: 19    Str: 27    XL:     11   Next: 31%
Magic:  10/10      EV:  6    Int:  5    God:    Okawaru [*****.]
Gold:   304        SH: 12    Dex: 12    Spells: 10/10 levels left

rFire    + . .     SeeInvis .   a - +4 scimitar
rCold    . . .     Gourm    .   c - +0 shield
rNeg     . . .     Faith    +   w - +1 plate armour
rPois    .         Spirit   .   j - +2 hat
rElec    .         Reflect  .   J - +0 cloak
rCorr    .         Harm     .   (no gloves)
MR       .....                  D - +0 pair of boots
Stlth    ..........             G - amulet of faith
HPRegen  0.26/turn              o - ring of protection from fire
MPRegen  0.12/turn              (no ring)

@: mighty, lethally poisoned (-1 -> -2), heavily drained
A: retaliatory headbutt, horns 2
a: Heroism, Finesse, Renounce Religion


You were on level 11 of the Dungeon.
You worshipped Okawaru.
Okawaru was extremely pleased with you.
You were not hungry.

You visited 2 branches of the dungeon, and saw 12 of its levels.

You collected 568 gold pieces.
You spent 264 gold pieces at shops.

Inventory:

Hand Weapons
 a - a +4 scimitar (weapon)
 P - the +2 halberd of Circularity {speed, rC+ Int+4 SInv, unknown}
   (Okawaru gifted it to you on level 11 of the Dungeon)

   Attacks with this weapon are significantly faster.
   It affects your intelligence (+4).
   It protects you from cold.
   It lets you see invisible.
Armour
 b - a +0 scale mail
 c - a +0 shield (worn)
 j - a +2 hat (worn)
 w - a +1 plate armour (worn)
 D - a +0 pair of boots (worn)
 J - a +0 cloak (worn)
Jewellery
 o - a ring of protection from fire (left hand)
 u - an uncursed ring of protection from fire
 y - an uncursed ring of fire
 A - an uncursed amulet of the acrobat
 G - an amulet of faith (around neck)
Wands
 r - a wand of polymorph (17)
 x - a wand of iceblast (10)
 B - a wand of digging (3)
 F - a wand of clouds (4)
 L - a wand of flame (23)
 O - a wand of random effects (12)
Scrolls
 g - 3 scrolls of enchant weapon
 h - 2 scrolls of teleportation
 k - a scroll of blinking
 l - 3 scrolls of remove curse
 n - 2 scrolls of random uselessness {unknown}
 s - a scroll of noise {unknown}
 v - 2 scrolls of enchant armour
 C - 2 scrolls of magic mapping
 E - a scroll of vulnerability {unknown}
 H - 7 scrolls of amnesia
Potions
 d - a potion of might
 e - 2 potions of flight
 i - 3 potions of haste
 m - 2 potions of invisibility
 p - a potion of brilliance {unknown}
 q - 10 potions of degeneration
 t - 4 potions of heal wounds
 z - 2 potions of mutation
 I - a potion of ambrosia
 K - a potion of curing
 M - a potion of berserk rage
Comestibles
 f - 16 rations
 N - a chunk of flesh


   Skills:
 + Level 9.1(7.7) Fighting
 + Level 13.7(12.1) Long Blades
 + Level 10.0(8.5) Armour
 + Level 2.0(0.8) Dodging
 + Level 0.3(0.0) Stealth
 + Level 10.3(8.8) Shields
 + Level 1.2(0.0) Invocations


You had 10 spell levels left.
You didn't know any spells.
Your spell library contained the following spells:

 Spells                   Type           Power        Failure   Level  Hunger
 Sandblast                Erth           #.....       100%        1    ##.....
 Passwall                 Tmut/Erth      #.......     100%        2    ###....
 Stone Arrow              Conj/Erth      #.....       100%        3    ####...
 Petrify                  Tmut/Erth      #.......     100%        4    #####..
 Lee's Rapid Deconstruct  Erth           #.........   100%        5    ######.


Dungeon Overview and Level Annotations

Branches:
Dungeon (11/15)            Temple (1/1) D:6            Lair (0/6) D:11
    Orc (0/2) D:10

Altars:
Ashenzari
Cheibriados
Dithmenos
Elyvilon
Fedhas
Hepliaklqana
Kikubaaqudgha
Nemelex Xobeh
Okawaru
Qazlal
Ru
Sif Muna
Uskayaw
Vehumet
Wu Jian
Xom
Yredelemnul
The Shining One

Shops:
D:4 !!

Annotations:
D:5 2 runed translucent doors, ciphuk's ghost, novice OpIE


Innate Abilities, Weirdness & Mutations

You reflexively headbutt those who attack you in melee.
You have a pair of horns on your head.


Message History

The bolt of negative energy hits you!
You feel drained.
* * * LOW HITPOINT WARNING * * *
The bolt of negative energy hits the spectral orc warrior but does no damage.
The spectral orc warrior completely resists.
You block the killer bee's attack.
You block the spectral orc warrior's attack.
The spectral orc warrior hits you but does no damage.
You block the spectral orc warrior's attack.
The killer bee stings you but does no damage.
You closely miss Nergalle. You headbutt Nergalle.
You kill Nergalle!
Okawaru is honoured by your kill.
The spectral orc warrior disappears in a puff of smoke!
The spectral orc disappears in a puff of smoke!
The spectral orc warrior disappears in a puff of smoke! x2
The spectral orc disappears in a puff of smoke!
The spectral orc knight disappears in a puff of smoke!
Your base Armour skill increases to level 10!
The killer bee stings you!
You die...

P... ...#
..# # ## .#
###########
###.#
#........##
...(#
#..#####..#
...# #.##
##.######§§#
#.#
##....§§@y§#
#.#
#.....#)§y.#
##.#
#..######..#
#..# #.##
.$# #..# ###
..# ...# ..#
...# .##
...# .? ...#


You could see 2 killer bees.

Vanquished Creatures
  Erolcha (D:10)
  A two-headed ogre (D:10)
  Nergalle (D:11)
  An unseen horror (D:10)
  Pikel (D:6)
  An elephant (D:11)
  Joseph (D:10)
  A troll (D:10)
  2 hippogriffs
  2 basilisks (D:11)
  A yak (D:11)
  A soldier ant (D:11)
  A slave (D:6)
  9 orc warriors
  2 phantoms
  5 ice beasts
  2 black bears
  A swamp drake (D:10)
  5 ogres
  3 sky beasts
  A necrophage (D:8)
  A centaur (D:10)
  3 bullfrogs
  A gnoll sergeant (D:7)
  2 water moccasin skeletons
  A water moccasin zombie (D:8)
  3 scorpions
  9 killer bees
  7 howler monkeys
  A crimson imp (D:10)
  A centaur zombie (D:6)
  A bullfrog zombie (D:10)
  7 orc priests
  3 bullfrog skeletons
  A gnoll shaman (D:8)
  5 hounds
  16 orc wizards
  Jessica (D:2)
  2 iguanas
  5 worker ants
  8 gnolls
  15 adders
  A shadow imp (D:7)
  4 adder skeletons
  3 worms (D:2)
  4 dart slugs
  9 leopard geckos
  47 orcs
  3 giant cockroaches
  6 hobgoblins
  16 jackals
  9 quokkas
  A ball python (D:6)
  6 bats
  5 frilled lizards
  10 goblins
  18 kobolds
  2 leopard gecko skeletons
  A leopard gecko zombie (D:5)
  2 quokka skeletons
  8 rats
  A plant (D:1)
292 creatures vanquished.

Vanquished Creatures (others)
  An adder (D:6)
  An orc (D:6)
  A quokka (D:6)
  A bat (D:3)
  A rat (D:3)
5 creatures vanquished.

Grand Total: 297 creatures vanquished

Notes
Turn   | Place    | Note
-------+----------+-------------------------------------------
     0 | D:1      | Peloso the Minotaur Fighter began the quest for the Orb.
     0 | D:1      | Reached XP level 1. HP: 19/19 MP: 0/0
    55 | D:1      | Reached XP level 2. HP: 16/27 MP: 1/1
   354 | D:1      | Reached XP level 3. HP: 33/33 MP: 2/2
   431 | D:1      | Reached skill level 3 in Long Blades
   739 | D:2      | Reached XP level 4. HP: 34/40 MP: 3/3
  1301 | D:2      | Reached skill level 4 in Long Blades
  1326 | D:2      | Noticed Jessica
  1331 | D:2      | Killed Jessica
  1331 | D:2      | Reached XP level 5. HP: 47/47 MP: 4/4
  1402 | D:2      | Reached skill level 1 in Dodging
  1539 | D:3      | Found an ornate altar of the Wu Jian Council.
  1864 | D:3      | Reached skill level 5 in Fighting
  2085 | D:3      | Found a radiant altar of Vehumet.
  2286 | D:4      | Noticed an ice beast
  2306 | D:4      | Killed an ice beast
  2306 | D:4      | Reached skill level 5 in Shields
  2306 | D:4      | Reached XP level 6. HP: 33/56 MP: 5/5
  2466 | D:4      | Found Faor's Distillery.
  2491 | D:4      | Reached skill level 5 in Long Blades
  2673 | D:4      | Bought a potion of mutation for 88 gold pieces
  2673 | D:4      | Bought a potion of flight for 33 gold pieces
  2806 | D:4      | Noticed an orc warrior
  2819 | D:4      | Killed an orc warrior
  2819 | D:4      | Reached XP level 7. HP: 37/61 MP: 6/6
  2915 | D:4      | Found a glowing golden altar of the Shining One.
  2977 | D:4      | Found Zyuhef's Distillery.
  3071 | D:4      | Reached skill level 6 in Long Blades
  3329 | D:4      | Reached skill level 5 in Armour
  3466 | D:5      | Entered Level 5 of the Dungeon
  3608 | D:5      | Found a large runed translucent door.
  3608 | D:5      | Found a large runed translucent door.
  3654 | D:5      | Found a sacrificial altar of Ru.
  3720 | D:5      | Reached skill level 7 in Long Blades
  3797 | D:5      | Noticed ciphuk's ghost (novice OpIE)
  3944 | D:5      | Reached XP level 8. HP: 70/70 MP: 7/7
  4182 | D:6      | Found a white marble altar of Elyvilon.
  4300 | D:6      | Found a hide-covered altar of Uskayaw.
  4301 | D:6      | Noticed a +0 hand axe
  4301 | D:6      | Noticed a +0 dagger
  4402 | D:6      | Noticed Pikel
  4439 | D:6      | Killed Pikel
  4439 | D:6      | Reached skill level 9 in Long Blades
  4488 | D:6      | Found a staircase to the Ecumenical Temple.
  4504 | Temple   | Entered the Ecumenical Temple
  4511 | Temple   | Became a worshipper of Warmaster Okawaru
  4634 | D:6      | Found a deep blue altar of Sif Muna.
  4634 | D:6      | Found an ancient bone altar of Kikubaaqudgha.
  4734 | D:6      | Found a blossoming altar of Fedhas.
  4734 | D:6      | Found a basalt altar of Yredelemnul.
  4810 | D:6      | Found a shadowy altar of Dithmenos.
  4879 | D:7      | Reached XP level 9. HP: 78/78 MP: 8/8
  5189 | D:7      | You fall through a shaft for 3 floors!
  5189 | D:10     | Entered Level 10 of the Dungeon
  5196 | D:10     | Reached skill level 10 in Long Blades
  5217 | D:10     | Reached * piety under Okawaru
  5546 | D:10     | Noticed Joseph
  5560 | D:10     | Killed Joseph
  5677 | D:8      | Found a sparkling altar of Nemelex Xobeh.
  5757 | D:7      | Reached skill level 11 in Long Blades
  5894 | D:7      | Reached ** piety under Okawaru
  6416 | D:6      | Found a snail-covered altar of Cheibriados.
  6553 | D:4      | Bought a potion of lignification for 33 gold pieces
  6553 | D:4      | Bought 2 potions of heal wounds for 110 gold pieces
  6697 | D:8      | Reached XP level 10. HP: 67/86 MP: 9/9
  7083 | D:8      | Reached *** piety under Okawaru
  7097 | D:8      | Found a white marble altar of Elyvilon.
  7147 | D:8      | Reached skill level 1 in Invocations
  7819 | D:9      | Found a stormy altar of Qazlal.
  7887 | D:9      | Reached skill level 12 in Long Blades
  8034 | D:10     | Killed an unseen horror
  8101 | D:10     | Reached **** piety under Okawaru
  8250 | D:10     | Reached skill level 10 in Shields
  8299 | D:10     | Found a staircase to the Orcish Mines.
  8399 | D:10     | Noticed Erolcha
  8416 | D:10     | Killed Erolcha
  8416 | D:10     | Reached skill level 13 in Long Blades
  8460 | D:10     | Noticed a two-headed ogre
  8466 | D:10     | Killed a two-headed ogre
  8466 | D:10     | Reached ***** piety under Okawaru
  8466 | D:10     | Reached XP level 11. HP: 92/95 MP: 7/10
  9014 | D:11     | Found a staircase to the Lair.
  9071 | D:11     | Received a gift from Okawaru
  9092 | D:11     | Got a polished halberd {god gift}
  9152 | D:11     | Noticed Nergalle
  9182 | D:11     | Killed Nergalle
  9182 | D:11     | Reached skill level 10 in Armour
  9182 | D:11     | Slain by a killer bee

Skill      XL: |  1  2  3  4  5  6  7  8  9 10 11 |
---------------+----------------------------------+-----
Shields        | 4 5 6 7 9 10 | 10.3
Fighting       | 4 5 6 7 8 9 |  9.1
Armour         | 4 5 6 8 9 10 | 10.0
Long Blades    | 3 4 5 7 9 11 13 | 13.7
Dodging        | 1 2 |  2.0
Invocations    | 1 |  1.2
Stealth        | |  0.3

Action                   |  1- 3 |  4- 6 |  7- 9 | 10-12 || total
-------------------------+-------+-------+-------+-------++-------
Melee: Long sword        |    93 |   230 |   387 |   108 ||   818
       Headbutt          |    15 |    31 |    79 |    80 ||   205
       Scimitar          |       |       |       |   237 ||   237
Invok: Heroism           |       |       |     1 |     3 ||     4
  Use: Scroll            |       |     8 |     6 |     1 ||    15
       Potion            |       |     1 |       |     2 ||     3
  Eat: Chunk             |       |     6 |    12 |     7 ||    25
       Ration            |       |       |       |     1 ||     1
Armor: Scale mail        |    59 |    13 |       |       ||    72
       Chain mail        |       |    43 |       |       ||    43
       Plate armour      |       |    80 |   218 |   174 ||   472
Dodge: Dodged            |    35 |    45 |    80 |    66 ||   226
Block: Shield            |    64 |   118 |   213 |   195 ||   590
       Rpst.: Long sword |     6 |    11 |    27 |     5 ||    49
       Scimitar          |       |       |       |    15 ||    15
